Workbook

Sheet 活動予算書（自動計算）
B1: 活 動 予 算 書
D2: [税込]（単位：円）
B3: 特定非営利活動法人日本ウクライナ文化協会 | D3: 自 2026年 4月 1日 至 2027年 3月31日
B4: 【経常収益】
B5: 【受取会費】
B6: 正会員受取会費 | C6: =+[1]事業別予算書!W8 -> 18000
B7: 賛助会員受取会費 | C7: =+[1]事業別予算書!W9 -> 30000 | D7: =SUM(C6:C7) -> 48000
B8: 【受取寄付金】
B9: 受取寄付金 | D9: =+[1]事業別予算書!W11 -> 7050000
B10: 【受取助成金等】
B11: 受取助成金 | D11: =+[1]事業別予算書!W13 -> 1585821
B12: 【事業収益】
B13: 自主事業収益 | C13: =+[1]事業別予算書!W15 -> 0
B14: 受託事業収益 | C14: =+[1]事業別予算書!W16 -> 924000
B15: 事業収益 | C15: =+[1]事業別予算書!W17 -> 0 | D15: =SUM(C13:C15) -> 924000
B16: 【その他収益】
B17: 受取 利息 | D17: =+[1]事業別予算書!W19 -> 0
B18: 経常収益 計 | E18: =SUM(D7:D17) -> 9607821
B19: 【経常費用】
B20: 【事業費】
B21: （人件費）
B22: 役員 報酬 | C22: =+[1]事業別予算書!W23-600000 -> 6725400
B23: 法定福利費 | C23: =+[1]事業別予算書!W24 -> 1578600
B24: 福利厚生費 | C24: =+[1]事業別予算書!W25 -> 0
B25: 人件費計 | C25: =SUM(C22:C24) -> 8304000
B26: （その他経費）
B27: 避難者支援金 | C27: =+[1]事業別予算書!W28 -> 0
B28: 支払寄付金 | C28: =+[1]事業別予算書!W29 -> 0
B29: 仕 入 高 | C29: =+[1]事業別予算書!W30 -> 0
B30: 業務委託費 | C30: =+[1]事業別予算書!W31 -> 400000
B31: 諸 謝 金 | C31: =+[1]事業別予算書!W32 -> 577500
B32: 印刷製本費 | C32: =+[1]事業別予算書!W33 -> 3000
B33: 会 議 費 | C33: =+[1]事業別予算書!W34 -> 300000
B34: 旅費交通費 | C34: =+[1]事業別予算書!W35 -> 265500
B35: 通信運搬費 | C35: =+[1]事業別予算書!W36 -> 0
B36: 消耗品 費 | C36: =+[1]事業別予算書!W37 -> 260750
B37: 事務用品費 | C37: =+[1]事業別予算書!W38 -> 0
B38: 広告宣伝費 | C38: =+[1]事業別予算書!W39 -> 0
... B44: 予 備 費（未区分） | C44: =+[1]事業別予算書!W45 -> 1001000
B45: その他経費計 | C45: =SUM(C27:C44) -> 3847410
B46: 事業費 計 | D46: =+C45+C25 -> 12151410
B47: 【管理費】
B48: （人件費）
B49: 役員 報酬 | C49: 600000
B50: 法定福利費
B51: 人件費計 | C51: =SUM(C49:C50) -> 600000
B52: （その他経費）
B53: 会 議 費
B54: 旅費交通費
B55: 通信運搬費
B56: 水道光熱費
B57: 租税 公課
B58: 支払手数料
B59: 雑 費
B60: その他経費計 | C60: =SUM(C53:C59) -> 0
B61: 管理費 計 | D61: =+C60+C51 -> 600000
B62: 経常費用 計 | E62: =+D61+D46 -> 12751410
B63: 当期経常増減額 | E63: =+E18-E62 -> -3143589
B64: 【経常外収益】
B65: 経常外収益 計 | E65: 0
B66: 【経常外費用】
B67: 過年度損益修正損
B68: 経常外費用 計 | E68: =+D67 -> 0
B69: 税引前当期正味財産増減額 | E69: =+E63+E65-E68 -> -3143589
B70: 法人税、住民税及び事業税
B71: 当期正味財産増減額 | E71: =+E69-E70 -> -3143589
B72: 前期繰越正味財産額 | E72: 8970834
B73: 次期繰越正味財産額 | E73: =SUM(E71:E72) -> 5827245
